[Event "ICC tourney 2532 (25 5)"]
[Site "Internet Chess Club"]
[Date "2021.04.24"]
[Round "3"]
[White "SAMUEL PLATNICK, ELIJAH:K12-15208013"]
[Black "KOVACS, JEREMY:K12-15030650"]
[Result "1-0"]
[ICCResult "Black checkmated"]
[WhiteElo "2015"]
[BlackElo "1303"]
[Opening "Vienna game"]
[ECO "C28"]
[NIC "VG.02"]
[Time "15:10:47"]
[PlyCount "55"]
[TimeControl "1500+5"]

1. e4 e5 2. Bc4 Nf6 3. Nc3 Nc6 4. d3 h6 5. f4 d6 6. Nf3 Bg4 7. O-O Nd4 8.
fxe5 dxe5 9. Bxf7+ Ke7 10. Bb3 Nxf3+ 11. gxf3 Bh3 12. Rf2 Qd4 13. Qe2 Rd8
14. Be3 Qd7 15. Rd1 g5 16. d4 exd4 17. Bxd4 Qc6 18. Nd5+ Kd7 19. Bxf6 Bd6
20. Bxh8 Rxh8 21. e5 Re8 22. Nf6+ Kc8 23. Nxe8 Qxe8 24. exd6 Qh5 25. Be6+
Kd8 26. Bxh3 Qxh3 27. Qe7+ Kc8 28. Qe8# { Black checkmated } 1-0

[Event "ICC tourney 2532 (25 5)"]
[Site "Internet Chess Club"]
[Date "2021.04.24"]
[Round "3"]
[White "SINGH, ANISH:K12-16345003"]
[Black "WANG, LUCAS:K12-16797884"]
[Result "1-0"]
[ICCResult "Black checkmated"]
[WhiteElo "1449"]
[BlackElo "548"]
[Opening "QGD: Chigorin defense, Janowski variation"]
[ECO "D02"]
[NIC "QP.08"]
[Time "15:10:47"]
[PlyCount "69"]
[TimeControl "1500+5"]

1. d4 d5 2. Nf3 Nc6 3. c4 dxc4 4. Nc3 Nf6 5. e4 e6 6. Bxc4 Be7 7. O-O O-O
8. Be3 b6 9. Qc2 Bb7 10. Rfd1 h6 11. a3 a6 12. d5 exd5 13. Nxd5 Qe8 14.
Nxc7 Qc8 15. Nxa8 Qxa8 16. Bd5 a5 17. Rac1 Rc8 18. Qb3 a4 19. Qxb6 Nxd5 20.
exd5 Na5 21. Rxc8+ Qxc8 22. Qxa5 Qc2 23. Qd2 Qb3 24. d6 Bd8 25. Nd4 Qd5 26.
Nf3 Qe6 27. Qb4 Qd7 28. Ne5 Qc6 29. Nxc6 Bxc6 30. Bb6 Bf6 31. d7 g6 32.
d8=Q+ Bxd8 33. Rxd8+ Kg7 34. Bd4+ Kh7 35. Rh8# { Black checkmated } 1-0

[Event "ICC tourney 2532 (25 5)"]
[Site "Internet Chess Club"]
[Date "2021.04.24"]
[Round "3"]
[White "HAUPTMAN, JACK:K12-15575055"]
[Black "CHEN, JUSTIN:K12-14732288"]
[Result "0-1"]
[ICCResult "White resigns"]
[WhiteElo "1916"]
[BlackElo "2390"]
[Opening "French: exchange variation"]
[ECO "C01"]
[NIC "QO.17"]
[Time "15:09:57"]
[PlyCount "48"]
[TimeControl "1500+5"]

1. d4 e6 2. e4 d5 3. exd5 exd5 4. Nf3 Nf6 5. Bg5 Bd6 6. c3 O-O 7. Be2 Bg4
8. O-O Nbd7 9. Nbd2 c6 10. h3 Bh5 11. Re1 Qc7 12. Rc1 Rfe8 13. Qc2 Ne4 14.
Nxe4 dxe4 15. Nd2 Bg6 16. Qb3 h6 17. Be3 Kh7 18. Nc4 Bh2+ 19. Kh1 f5 20. g3
Bxg3 21. fxg3 Qxg3 22. Bg1 b5 23. Nd2 f4 24. Bf1 e3 { White resigns } 0-1

[Event "ICC tourney 2532 (25 5)"]
[Site "Internet Chess Club"]
[Date "2021.04.24"]
[Round "3"]
[White "RAFAEL SANTOS, ENERIO:K12-16804573"]
[Black "MUTHUKUMAR, AADITH:K12-15488268"]
[Result "0-1"]
[ICCResult "White resigns"]
[WhiteElo "443"]
[BlackElo "1529"]
[Opening "Sicilian: closed, 2...Nc6"]
[ECO "B23"]
[NIC "SI.44"]
[Time "15:09:27"]
[PlyCount "64"]
[TimeControl "1500+5"]

1. e4 c5 2. Nc3 Nc6 3. Nf3 d6 4. Bb5 g6 5. d4 cxd4 6. Nxd4 Bd7 7. O-O Bg7
8. Nxc6 bxc6 9. Bc4 Nf6 10. Bf4 O-O 11. e5 Nh5 12. Qd2 Nxf4 13. Qxf4 Bxe5
14. Qh6 Bg7 15. Qh4 e5 16. Qxd8 Rfxd8 17. Rad1 d5 18. Be2 Bf5 19. Rd2 Bh6
20. Rdd1 Bxc2 21. Ra1 d4 22. Nd1 e4 23. Bc4 Kf8 24. f4 Re8 25. b3 e3 26.
Nxe3 dxe3 27. Rae1 Rad8 28. Re2 Bd3 29. Bxd3 Rxd3 30. g3 Rd2 31. Rxd2 exd2
32. Rd1 Re1+ { White resigns } 0-1

[Event "ICC tourney 2532 (25 5)"]
[Site "Internet Chess Club"]
[Date "2021.04.24"]
[Round "3"]
[White "FLORES, NANCY:K12-15939190"]
[Black "BABLANI, ARNAV:K12-16018565"]
[Result "1-0"]
[ICCResult "Black checkmated"]
[WhiteElo "407"]
[BlackElo "1078"]
[Opening "QGD: 4.Bg5"]
[ECO "D50"]
[NIC "QO.16"]
[Time "15:09:32"]
[PlyCount "67"]
[TimeControl "1500+5"]

1. d4 d5 2. c4 e6 3. Nc3 Nf6 4. Bg5 Bb4 5. Qc2 O-O 6. Nf3 b6 7. e3 Ba6 8.
b3 c5 9. Bxf6 Qxf6 10. Bd3 Nc6 11. cxd5 exd5 12. Bxa6 Rfe8 13. O-O Bxc3 14.
Qxc3 cxd4 15. exd4 Ne7 16. Rfe1 Ng6 17. Bb7 Rad8 18. Rxe8+ Rxe8 19. Bxd5 h6
20. Re1 Rxe1+ 21. Qxe1 Nf4 22. Qe8+ Kh7 23. Be4+ Ng6 24. Ne5 Qg5 25. g3 f5
26. Bd5 Nxe5 27. Qxe5 h5 28. h4 Qc1+ 29. Kg2 Qc2 30. Qe8 Qe2 31. Qxe2 Kh6
32. Qe6+ g6 33. Qf6 b5 34. Qh8# { Black checkmated } 1-0

[Event "ICC tourney 2532 (25 5)"]
[Site "Internet Chess Club"]
[Date "2021.04.24"]
[Round "3"]
[White "SHKLOVER, DIANA:K12-14672010"]
[Black "SAUDEK, BEN:K12-17211458"]
[Result "1-0"]
[ICCResult "Black checkmated"]
[WhiteElo "1527"]
[BlackElo "711"]
[Opening "QGD: Neo-orthodox variation, 7.Bh4"]
[ECO "D56"]
[NIC "QI.01"]
[Time "15:09:50"]
[PlyCount "117"]
[TimeControl "1500+5"]

1. d4 Nf6 2. Nf3 e6 3. c4 d5 4. Bg5 h6 5. Bh4 Be7 6. Nc3 O-O 7. e3 Nbd7 8.
Qb3 c6 9. Be2 Nb6 10. cxd5 cxd5 11. Rc1 Bd7 12. O-O Rc8 13. Ne5 Rc7 14. Bb5
Bxb5 15. Nxb5 Rxc1 16. Rxc1 a6 17. Nc3 Qd6 18. Bg3 Nbd7 19. Nxf7 Qb4 20.
Qxb4 Bxb4 21. Nd6 Bxd6 22. Bxd6 Rc8 23. Ne2 Rxc1+ 24. Nxc1 Ne4 25. Bb4 b5
26. f3 Nef6 27. Nd3 Nb6 28. b3 Kf7 29. Nc5 Nfd7 30. Nxa6 Kf6 31. Nc7 g6 32.
Nxb5 Nb8 33. Bc5 N6d7 34. a4 Nxc5 35. dxc5 Ke7 36. b4 Nc6 37. Nd4 Nxb4 38.
a5 Kd7 39. f4 Nd3 40. c6+ Kc7 41. a6 Kb6 42. a7 Kxa7 43. Nxe6 Kb6 44. c7
Kb7 45. g4 Nb4 46. f5 gxf5 47. gxf5 Na6 48. f6 Nxc7 49. Nxc7 Kxc7 50. f7
Kd7 51. f8=Q Kc6 52. Qxh6+ Kb5 53. Qd6 Kc4 54. Qe5 Kc5 55. Qd4+ Kd6 56. h4
Ke6 57. h5 Kf7 58. h6 Kg8 59. Qg7# { Black checkmated } 1-0

[Event "ICC tourney 2532 (25 5)"]
[Site "Internet Chess Club"]
[Date "2021.04.24"]
[Round "3"]
[White "AUGUSTO BALDERAS, ADOLFO:K12-14480460"]
[Black "WOLF MILSTEIN, DAVID:K12-15780704"]
[Result "1-0"]
[ICCResult "Black checkmated"]
[WhiteElo "1962"]
[BlackElo "1253"]
[Opening "Ruy Lopez: Berlin defense, Mortimer trap"]
[ECO "C65"]
[NIC "RL.07"]
[Time "15:10:47"]
[PlyCount "85"]
[TimeControl "1500+5"]

1. e4 e5 2. Nf3 Nc6 3. Bb5 Nf6 4. d3 Ne7 5. Nxe5 c6 6. Bc4 Qa5+ 7. c3 Qxe5
8. O-O d5 9. exd5 Nfxd5 10. d4 Qd6 11. Nd2 Ng6 12. Ne4 Qc7 13. Re1 Be6 14.
Ng5 Qd7 15. Nxe6 fxe6 16. Qe2 Kf7 17. Qf3+ Ke8 18. Qe2 Ngf4 19. Bxf4 Nxf4
20. Qg4 Nd5 21. Rxe6+ Kd8 22. Rae1 Nf6 23. Qf4 Be7 24. Rxe7 Qxe7 25. Rxe7
Kxe7 26. Qe5+ Kd7 27. Be6+ Ke7 28. Bf5+ Kf7 29. Qe6+ Kf8 30. Qd6+ Kf7 31.
Qe6+ Kf8 32. Qd6+ Ke8 33. Be6 Rd8 34. Qc7 Rf8 35. Qxb7 c5 36. Qc6+ Ke7 37.
d5 Ne4 38. f3 Rd6 39. Qc7+ Ke8 40. fxe4 Rd8 41. e5 c4 42. d6 a5 43. Qe7# {
Black checkmated } 1-0

[Event "ICC tourney 2532 (25 5)"]
[Site "Internet Chess Club"]
[Date "2021.04.24"]
[Round "3"]
[White "NOAM KUTIKOV, JONAH:K12-15612157"]
[Black "MATTHEW PUDOL CALAUNAN, ANGELO:K12-17270737"]
[Result "1-0"]
[ICCResult "Black checkmated"]
[WhiteElo "1564"]
[BlackElo "879"]
[Opening "Evans gambit"]
[ECO "C51"]
[NIC "IG.05"]
[Time "15:09:58"]
[PlyCount "147"]
[TimeControl "1500+5"]

1. e4 e5 2. Nf3 Nc6 3. Bc4 Bc5 4. b4 Bxb4 5. c3 Bc5 6. d4 exd4 7. cxd4 Bb6
8. O-O Nge7 9. Ng5 O-O 10. Qh5 h6 11. Nxf7 Rxf7 12. Bxf7+ Kf8 13. Bb2 Bxd4
14. Bxd4 Nxd4 15. Nc3 Ng8 16. Bxg8 Kxg8 17. Qd5+ Ne6 18. f4 c6 19. Qb3 Kh8
20. Rad1 Qb6+ 21. Qxb6 axb6 22. e5 Nc5 23. f5 Ra3 24. f6 gxf6 25. exf6 Ne6
26. f7 Kg7 27. Rde1 Nf8 28. Ne4 d5 29. Nd6 Be6 30. Ne8+ Kg6 31. Rf6+ Kg5
32. Rfxe6 Rxa2 33. R1e5+ Kf4 34. g3+ Kf3 35. Re3+ Kg4 36. Nf6+ Kg5 37. Re8
Kxf6 38. Rxf8 Kg7 39. Rb8 Kxf7 40. Rxb7+ Kf6 41. Rxb6 Rc2 42. Rb8 Kg5 43.
Re6 d4 44. Rd6 c5 45. Rc8 Kf5 46. Rd5+ Ke4 47. Rdxc5 Rd2 48. Re8+ Kd3 49.
Rh5 Rd1+ 50. Kf2 Kd2 51. Rxh6 d3 52. Rc6 Rh1 53. h4 Rh2+ 54. Kf3 Kd1 55.
Rd8 d2 56. Rcd6 Ke1 57. Rxd2 Rxd2 58. Rxd2 Kxd2 59. h5 Kd3 60. h6 Kd4 61.
h7 Ke5 62. h8=Q+ Kf5 63. g4+ Kg6 64. Qf8 Kh7 65. g5 Kg6 66. Qf6+ Kh7 67.
g6+ Kh6 68. g7+ Kh7 69. g8=Q+ Kxg8 70. Qe7 Kh8 71. Kf4 Kg8 72. Kg5 Kh8 73.
Kg6 Kg8 74. Qg7# { Black checkmated } 1-0

[Event "ICC tourney 2532 (25 5)"]
[Site "Internet Chess Club"]
[Date "2021.04.24"]
[Round "3"]
[White "R SOMASUNDARAM, ARUN:K12-16330722"]
[Black "REMPE, MIEKE:K12-15043484"]
[Result "0-1"]
[ICCResult "White checkmated"]
[WhiteElo "1002"]
[BlackElo "1704"]
[Opening "Queen's pawn: London system"]
[ECO "A45"]
[NIC "QP.05"]
[Time "15:09:53"]
[PlyCount "104"]
[TimeControl "1500+5"]

1. d4 Nf6 2. Bf4 e6 3. Nf3 d5 4. e3 Bd6 5. Bg3 O-O 6. Be2 Nbd7 7. O-O Bxg3
8. fxg3 Ne4 9. Bd3 Ndf6 10. Nbd2 Qd6 11. Bxe4 Nxe4 12. Nxe4 dxe4 13. Ng5
Qd5 14. Qh5 h6 15. c4 Qxg5 16. Qxg5 hxg5 17. h4 gxh4 18. gxh4 a5 19. Rf4 f5
20. g4 c6 21. c5 Rb8 22. a3 b6 23. b4 bxc5 24. dxc5 axb4 25. axb4 Rxb4 26.
Rd1 Rc4 27. Rd6 Rxc5 28. gxf5 exf5 29. h5 Ba6 30. Rf2 Bb5 31. h6 gxh6 32.
Rxh6 Rf7 33. Rg2+ Rg7 34. Rhg6 Rxg6 35. Rxg6+ Kf7 36. Rg5 Ke6 37. Kf2 Rc2+
38. Kg3 Re2 39. Kf4 Rf2+ 40. Kg3 Rf3+ 41. Kh4 Rxe3 42. Rg6+ Kf7 43. Kg5
Rg3+ 44. Kf4 Rxg6 45. Kxf5 Re6 46. Kf4 e3 47. Kf3 e2 48. Kf2 e1=Q+ 49. Kf3
Rf6+ 50. Kg2 Bf1+ 51. Kg1 Qg3+ 52. Kh1 Rh6# { White checkmated } 0-1

[Event "ICC tourney 2532 (25 5)"]
[Site "Internet Chess Club"]
[Date "2021.04.24"]
[Round "3"]
[White "HUANG, ANDY:K12-14633373"]
[Black "MUTHUPANDIYAN, SHIV:K12-15901317"]
[Result "1-0"]
[ICCResult "Black checkmated"]
[WhiteElo "2334"]
[BlackElo "1266"]
[Opening "English: Wimpey system"]
[ECO "A04"]
[NIC "QP.11"]
[Time "15:10:47"]
[PlyCount "67"]
[TimeControl "1500+5"]

1. Nf3 e6 2. b3 d5 3. Bb2 Nf6 4. e3 c5 5. c4 Nc6 6. cxd5 exd5 7. d4 Bg4 8.
dxc5 Bxc5 9. Nbd2 O-O 10. Be2 Re8 11. O-O d4 12. exd4 Nxd4 13. Bxd4 Bxd4
14. Nxd4 Qxd4 15. Bxg4 Nxg4 16. Nc4 Qxd1 17. Raxd1 Re2 18. a4 a6 19. a5 Ra2
20. Rd7 Rb8 21. Rfd1 g6 22. f3 Nf6 23. Rd8+ Rxd8 24. Rxd8+ Kg7 25. Rb8 Nd5
26. g3 Nc3 27. Rxb7 Ne2+ 28. Kf1 Nd4 29. f4 Rxh2 30. Ne5 Rd2 31. Rxf7+ Kh6
32. Ng4+ Kh5 33. Nf6+ Kh6 34. Rxh7# { Black checkmated } 1-0

[Event "ICC tourney 2532 (25 5)"]
[Site "Internet Chess Club"]
[Date "2021.04.24"]
[Round "3"]
[White "GINZBURG, LIORA:K12-16587703"]
[Black "KUMAR KOTHAPALLI, PRADHYUMNA:K12-15273893"]
[Result "0-1"]
[ICCResult "White resigns"]
[WhiteElo "1523"]
[BlackElo "2140"]
[Opening "English: symmetrical variation"]
[ECO "A33"]
[NIC "QP.10"]
[Time "15:09:59"]
[PlyCount "64"]
[TimeControl "1500+5"]

1. Nf3 c5 2. d4 cxd4 3. Nxd4 Nc6 4. c4 Nf6 5. Nc3 e6 6. e3 Bb4 7. Nxc6 bxc6
8. Bd2 O-O 9. Be2 d5 10. a3 Bd6 11. O-O Qc7 12. h3 Rd8 13. cxd5 exd5 14. b4
Bf5 15. b5 c5 16. Rc1 Qe7 17. Bf3 Qe5 18. g3 c4 19. Bg2 Bxa3 20. f4 Qe7 21.
Ra1 Bb2 22. Ra2 Bxc3 23. Bxc3 Qxe3+ 24. Rff2 Qxc3 25. Rf3 Qb4 26. Rfa3 Bd3
27. Kh2 Qc5 28. Ra5 Ne4 29. Bxe4 dxe4 30. Qe1 e3 31. Rb2 c3 32. Rb3 c2 {
White resigns } 0-1

[Event "ICC tourney 2532 (25 5)"]
[Site "Internet Chess Club"]
[Date "2021.04.24"]
[Round "3"]
[White "NOZAKI, MAO:K12-14766721"]
[Black "OMAR NAVARRETE, JONATHAN:K12-30101198"]
[Result "1-0"]
[ICCResult "Black checkmated"]
[WhiteElo "1715"]
[BlackElo "1062"]
[Opening "QGD semi-Slav: 5.e3"]
[ECO "D45"]
[NIC "SL.08"]
[Time "15:10:09"]
[PlyCount "123"]
[TimeControl "1500+5"]

1. d4 d5 2. c4 c6 3. Nc3 Nf6 4. e3 e6 5. Nf3 Bb4 6. Qc2 Nbd7 7. Bd3 O-O 8.
O-O Re8 9. Bd2 e5 10. dxe5 Nxe5 11. Nxe5 Rxe5 12. cxd5 cxd5 13. a3 Bd6 14.
Ne2 Re7 15. Bc3 Qc7 16. Bxf6 gxf6 17. Bxh7+ Kf8 18. Qxc7 Rxc7 19. Bd3 Bd7
20. Rac1 Rac8 21. Rxc7 Rxc7 22. h4 Be5 23. Nd4 Bg4 24. f3 Bh5 25. g4 Bg6
26. Bxg6 fxg6 27. Ne6+ Ke7 28. Nxc7 Bxc7 29. h5 gxh5 30. gxh5 Kf7 31. Rd1
Ke6 32. h6 f5 33. f4 Bd8 34. Rd2 Bf6 35. h7 Kd6 36. Rh2 Bh8 37. b4 Ke7 38.
Kf2 Kf7 39. Ke2 b5 40. Kd3 Ke6 41. Rh6+ Ke7 42. Ra6 Bg7 43. Rxa7+ Kf6 44.
Rxg7 Kxg7 45. Kd4 Kxh7 46. Kxd5 Kg6 47. Kc5 Kh5 48. Kxb5 Kg4 49. Kc4 Kf3
50. Kd4 Ke2 51. b5 Kd2 52. b6 Kc2 53. b7 Kd2 54. b8=Q Kc2 55. e4 fxe4 56.
Kxe4 Kc3 57. Qd6 Kb3 58. Qd4 Kxa3 59. Qb6 Ka4 60. Kd4 Ka3 61. Kc3 Ka4 62.
Qb4# { Black checkmated } 1-0

[Event "ICC tourney 2532 (25 5)"]
[Site "Internet Chess Club"]
[Date "2021.04.24"]
[Round "3"]
[White "WADE, WILL:K12-15902787"]
[Black "LEE, RYAN:K12-15137336"]
[Result "0-1"]
[ICCResult "White resigns"]
[WhiteElo "1156"]
[BlackElo "1911"]
[Opening "Sicilian: Najdorf, 6...e6"]
[ECO "B95"]
[NIC "SI.04"]
[Time "15:09:37"]
[PlyCount "66"]
[TimeControl "1500+5"]

1. e4 c5 2. Nf3 d6 3. d4 cxd4 4. Nxd4 Nf6 5. Nc3 a6 6. Bg5 e6 7. Bc4 Be7 8.
Qf3 Qc7 9. Bb3 Nc6 10. O-O-O O-O 11. h3 Ne5 12. Qe2 b5 13. f4 Nc4 14. Ndxb5
axb5 15. Nxb5 Qb6 16. Bxc4 Rd8 17. Bxf6 Bxf6 18. e5 dxe5 19. Rxd8+ Bxd8 20.
fxe5 Bd7 21. Nc3 Bc6 22. Rd1 Be7 23. Bb3 Qb7 24. Qg4 Bf8 25. Rd2 g6 26. Re2
Qb6 27. Re1 Qf2 28. Re2 Bh6+ 29. Kd1 Rd8+ 30. Bd5 Qg1+ 31. Re1 Qb6 32. Qh4
Bg7 33. Qxd8+ Qxd8 { White resigns } 0-1

[Event "ICC tourney 2532 (25 5)"]
[Site "Internet Chess Club"]
[Date "2021.04.24"]
[Round "3"]
[White "MANTA, JAUSS:K12-16474385"]
[Black "K SANFORD, HARRISON:K12-14321340"]
[Result "1-0"]
[ICCResult "Black resigns"]
[WhiteElo "1160"]
[BlackElo "2005"]
[Opening "King's Indian: London system"]
[ECO "A45"]
[NIC "QP.03"]
[Time "15:09:35"]
[PlyCount "66"]
[TimeControl "1500+5"]

1. d4 Nf6 2. Bf4 g6 3. Nf3 Bg7 4. e3 d5 5. Bd3 c5 6. c3 Nc6 7. Nbd2 O-O 8.
h3 Re8 9. O-O Nh5 10. Be5 f6 11. Bh2 e5 12. g4 e4 13. Bc2 exf3 14. Qxf3
cxd4 15. cxd4 Qd7 16. Rac1 Ne7 17. Bb3 Kh8 18. Rc7 Qe6 19. Rfc1 b6 20. Bxd5
Nxd5 21. R7c6 Qg8 22. gxh5 gxh5 23. e4 Bh6+ 24. Kh1 Bxd2 25. Rg1 Bg5 26.
exd5 Bb7 27. h4 Bxc6 28. dxc6 Qc4 29. hxg5 Rf8 30. gxf6 Qxd4 31. f7 Rac8
32. Qxh5 Qe4+ 33. f3 Qg6 { Black resigns } 1-0

[Event "ICC tourney 2532 (25 5)"]
[Site "Internet Chess Club"]
[Date "2021.04.24"]
[Round "3"]
[White "BHOWMIK, AKASH:K12-14722632"]
[Black "COLE HEINRICH, SAMUEL:K12-16207602"]
[Result "1-0"]
[ICCResult "Black checkmated"]
[WhiteElo "1736"]
[BlackElo "1068"]
[Opening "Queen's pawn, Mason variation"]
[ECO "D00"]
[NIC "QP.08"]
[Time "15:10:41"]
[PlyCount "99"]
[TimeControl "1500+5"]

1. d4 d5 2. Bf4 Bf5 3. e3 Nf6 4. Bd3 Bg6 5. Nf3 e6 6. Qe2 a6 7. Nbd2 Bd6 8.
Bg3 O-O 9. O-O Nbd7 10. Bxg6 hxg6 11. c4 Bxg3 12. hxg3 c5 13. cxd5 Nxd5 14.
a3 cxd4 15. Nxd4 N7f6 16. Rfd1 Qb6 17. N2f3 Rac8 18. e4 Ne7 19. Rac1 Rfd8
20. Rb1 Rd6 21. e5 Rxd4 22. Nxd4 Nfd5 23. Nf3 Nf5 24. Kh2 Kf8 25. Rbc1 Rd8
26. Qc2 Ke7 27. Qc5+ Qxc5 28. Rxc5 Rh8+ 29. Kg1 f6 30. exf6+ gxf6 31. Nd4
Kd6 32. Rcc1 Ng7 33. Ne2 g5 34. Nc3 Nh5 35. Nxd5 exd5 36. b4 f5 37. Rc3 f4
38. Rcd3 Nf6 39. gxf4 gxf4 40. Rf3 Ke5 41. Re1+ Kf5 42. Re7 Rc8 43. g3 Rc1+
44. Kg2 Nh5 45. gxf4 Nxf4+ 46. Kh2 Kg4 47. Rg3+ Kf5 48. Rf7+ Ke4 49. Re3+
Kd4 50. Rxf4# { Black checkmated } 1-0

[Event "ICC tourney 2532 (25 5)"]
[Site "Internet Chess Club"]
[Date "2021.04.24"]
[Round "3"]
[White "D DE LEON, CARLOS:K12-14987180"]
[Black "METWALLY, ISMAEL:K12-14849072"]
[Result "1-0"]
[ICCResult "Black checkmated"]
[WhiteElo "1995"]
[BlackElo "786"]
[Opening "Vienna game"]
[ECO "C28"]
[NIC "IG.04"]
[Time "15:09:36"]
[PlyCount "105"]
[TimeControl "1500+5"]

1. e4 e5 2. Bc4 Nc6 3. Nc3 Nf6 4. d3 Bc5 5. f4 O-O 6. Nf3 d6 7. Na4 b6 8.
Nxc5 bxc5 9. fxe5 Nxe5 10. Nxe5 dxe5 11. Be3 Nd7 12. Bb3 Qe7 13. O-O Nf6
14. Bg5 Be6 15. Kh1 h6 16. Bxf6 gxf6 17. Qh5 Kh7 18. Qh4 Rg8 19. Qxf6 Qxf6
20. Rxf6 Rg6 21. Rxg6 Kxg6 22. Bxe6 fxe6 23. b3 Rf8 24. Kg1 Kg5 25. Rf1
Rxf1+ 26. Kxf1 Kf4 27. Kf2 h5 28. g3+ Kg4 29. Kg2 h4 30. h3+ Kh5 31. g4+
Kg5 32. Kf3 Kf6 33. Ke3 Ke7 34. g5 Kf7 35. Kf3 Kg6 36. Kg4 c6 37. Kxh4 a6
38. Kg4 a5 39. h4 c4 40. h5+ Kh7 41. dxc4 c5 42. g6+ Kh6 43. c3 Kg7 44. Kg5
Kh8 45. h6 Kg8 46. Kf6 Kh8 47. Kxe6 Kg8 48. Kxe5 Kh8 49. Kf6 Kg8 50. e5 Kf8
51. e6 Kg8 52. e7 Kh8 53. e8=Q# { Black checkmated } 1-0

[Event "ICC tourney 2532 (25 5)"]
[Site "Internet Chess Club"]
[Date "2021.04.24"]
[Round "3"]
[White "VINAY HIREMATH, ROMIR:K12-16455165"]
[Black "ANGELA ZHENG, CARISSA:K12-15612136"]
[Result "1-0"]
[ICCResult "Black resigns"]
[WhiteElo "1191"]
[BlackElo "1974"]
[Opening "Queen's pawn, Mason variation"]
[ECO "D00"]
[NIC "QP.08"]
[Time "15:10:10"]
[PlyCount "129"]
[TimeControl "1500+5"]

1. d4 d5 2. Bf4 Nf6 3. e3 Bg4 4. Nf3 e6 5. Bd3 c5 6. c3 Nc6 7. Nbd2 Bd6 8.
Bg3 O-O 9. Qe2 c4 10. Bc2 b5 11. e4 e5 12. exd5 exd4 13. O-O Bxg3 14. hxg3
d3 15. Qe3 Nxd5 16. Qc5 Rc8 17. Bd1 a6 18. a4 Ncb4 19. Qd4 Nc2 20. Bxc2
Bxf3 21. Nxf3 dxc2 22. axb5 axb5 23. Rac1 Nb6 24. Qxd8 Rfxd8 25. Rxc2 Na4
26. Nd4 b4 27. Nf5 b3 28. Re2 Kf8 29. Rfe1 g6 30. Ne3 Rd3 31. Ra1 Nb6 32.
Ra6 Nd7 33. f3 Re8 34. Kf2 Ne5 35. f4 Nd7 36. Nxc4 Rxe2+ 37. Kxe2 Rxg3 38.
Kf2 Rd3 39. Na5 Nc5 40. Ra8+ Kg7 41. Nc4 Rd1 42. Ra5 Rd5 43. Kf3 Kf6 44. g4
g5 45. Ne3 Ke6 46. Nxd5 Kxd5 47. fxg5 Kc4 48. Rxc5+ Kxc5 49. Ke3 Kc4 50.
Ke4 Kc5 51. Kd3 Kd5 52. c4+ Ke5 53. Kc3 Kf4 54. c5 Kxg4 55. c6 Kxg5 56. c7
h5 57. c8=Q h4 58. Kxb3 f5 59. Kc4 h3 60. Qh8 Kg4 61. b4 f4 62. b5 Kg3 63.
b6 h2 64. b7 Kg2 65. b8=Q { Black resigns } 1-0

[Event "ICC tourney 2532 (25 5)"]
[Site "Internet Chess Club"]
[Date "2021.04.24"]
[Round "3"]
[White "CHARLES ENGERISER, WILSON:K12-14899274"]
[Black "MATTA, KISNA:K12-14874247"]
[Result "0-1"]
[ICCResult "White resigns"]
[WhiteElo "1089"]
[BlackElo "1843"]
[Opening "Sicilian: Najdorf, Lipnitzky attack"]
[ECO "B86"]
[NIC "SI.13"]
[Time "15:09:33"]
[PlyCount "90"]
[TimeControl "1500+5"]

1. e4 c5 2. Nf3 d6 3. d4 cxd4 4. Nxd4 Nf6 5. Nc3 a6 6. Bc4 e6 7. O-O b5 8.
Bd3 Be7 9. h3 O-O 10. Be3 Bb7 11. a4 b4 12. Nce2 Nxe4 13. Bxe4 Bxe4 14. c3
a5 15. Ng3 Bb7 16. Qc2 Na6 17. Nb5 d5 18. Qd2 Bf6 19. Nh5 bxc3 20. bxc3 Rc8
21. Nxf6+ Qxf6 22. Nd6 Rb8 23. Bd4 e5 24. Nxb7 Rxb7 25. Be3 Rd7 26. Rfd1
Qc6 27. Rac1 Qxa4 28. Ra1 Qb5 29. Rab1 Qc4 30. Ra1 Nc5 31. Bxc5 Qxc5 32. c4
Qxc4 33. Rxa5 Rfd8 34. Rc1 Qe4 35. Rca1 h6 36. R5a4 Qf5 37. g4 Qf6 38. Ra6
Rd6 39. Ra8 d4 40. Rxd8+ Rxd8 41. Re1 d3 42. Re3 Qd6 43. Kg2 Qd4 44. Kf3
Rd6 45. Re4 Rf6+ { White resigns } 0-1

[Event "ICC tourney 2532 (25 5)"]
[Site "Internet Chess Club"]
[Date "2021.04.24"]
[Round "3"]
[White "ESPINOSA, PEDRO:K12-14987738"]
[Black "HAN, JACOB:K12-14896205"]
[Result "1-0"]
[ICCResult "Black checkmated"]
[WhiteElo "2200"]
[BlackElo "1905"]
[Opening "Giuoco Piano: Anderssen variation"]
[ECO "C54"]
[NIC "IG.02"]
[Time "15:10:10"]
[PlyCount "113"]
[TimeControl "1500+5"]

1. e4 e5 2. Nf3 Nc6 3. Bc4 Bc5 4. c3 Nf6 5. d4 exd4 6. e5 d5 7. Bb5 Ne4 8.
cxd4 Bb4+ 9. Nbd2 O-O 10. O-O Bxd2 11. Bxd2 Bg4 12. Be3 Ne7 13. h3 Bh5 14.
g4 Bg6 15. Nh4 c6 16. Bd3 Nc8 17. Nxg6 hxg6 18. f4 Qh4 19. Qf3 f5 20. g5
Kf7 21. Kg2 Nb6 22. Bf2 Qh7 23. Rad1 Na4 24. Qe2 Qh5 25. Qxh5 gxh5 26. Bc2
Nb6 27. b3 a5 28. a4 g6 29. Bd3 Nd7 30. Be3 Ke6 31. Rb1 b6 32. Rfc1 c5 33.
Rc2 cxd4 34. Bxd4 Ndc5 35. Bb5 Rfc8 36. Rbc1 Rc7 37. Kf3 Re7 38. Ke3 Rc7
39. Rb2 Rac8 40. b4 axb4 41. Rxb4 Rb8 42. Be2 Ke7 43. Rcb1 Rcb7 44. Bf3 Kd7
45. Bxe4 Nxe4 46. a5 Kc6 47. a6 Ra7 48. Rxb6+ Rxb6 49. Rxb6+ Kc7 50. Rxg6
h4 51. Bxa7 Ng3 52. Bd4 Ne4 53. a7 Kb7 54. Rg7+ Ka8 55. Rg8+ Kb7 56. a8=Q+
Kc7 57. Rg7# { Black checkmated } 1-0

[Event "ICC tourney 2532 (25 5)"]
[Site "Internet Chess Club"]
[Date "2021.04.24"]
[Round "3"]
[White "AWASTHI, ATHARVA:K12-15383400"]
[Black "KAZUO SLOWIK, DYLAN:K12-14697884"]
[Result "0-1"]
[ICCResult "White resigns"]
[WhiteElo "1080"]
[BlackElo "1769"]
[Opening "Sicilian: Najdorf, Byrne (English) attack"]
[ECO "B90"]
[NIC "SI.14"]
[Time "15:09:43"]
[PlyCount "58"]
[TimeControl "1500+5"]

1. e4 c5 2. Nf3 d6 3. d4 cxd4 4. Nxd4 Nf6 5. Nc3 a6 6. Be3 e5 7. Nb3 Be6 8.
f3 Be7 9. Qd2 O-O 10. O-O-O Nbd7 11. Be2 Rc8 12. g4 b5 13. g5 Nh5 14. Rdf1
Nb6 15. f4 Nxf4 16. Bxf4 exf4 17. h4 Nc4 18. Bxc4 Rxc4 19. Rxf4 f6 20. gxf6
Bxf6 21. Nd5 Bxd5 22. Qxd5+ Kh8 23. Kb1 Qe7 24. Rhf1 Rfc8 25. c3 b4 26. Nd2
R4c5 27. Qb3 bxc3 28. bxc3 Rb5 29. Qxb5 axb5 { White resigns } 0-1

[Event "ICC tourney 2532 (25 5)"]
[Site "Internet Chess Club"]
[Date "2021.04.24"]
[Round "3"]
[White "PRABHU, NAVEEN:K12-14949284"]
[Black "BRAZAUSKAS, KIPRAS:K12-15989894"]
[Result "1-0"]
[ICCResult "Black resigns"]
[WhiteElo "2037"]
[BlackElo "1390"]
[Opening "Giuoco Piano"]
[ECO "C54"]
[NIC "IG.02"]
[Time "15:11:07"]
[PlyCount "69"]
[TimeControl "1500+5"]

1. e4 e5 2. Nf3 Nc6 3. Bc4 Bc5 4. c3 Nf6 5. d3 h6 6. O-O d6 7. a4 a6 8. b4
Ba7 9. h3 Be6 10. Nbd2 Qd7 11. Re1 Bxc4 12. Nxc4 b5 13. Ne3 O-O 14. Nf5 Kh7
15. Nh2 Ne7 16. Ng3 bxa4 17. Qxa4 Qxa4 18. Rxa4 Nd7 19. Be3 Bxe3 20. fxe3
c5 21. Rea1 cxb4 22. cxb4 Nb8 23. b5 Rc8 24. Ne2 Rc5 25. bxa6 Rc6 26. a7
Nd7 27. d4 Rc7 28. Nf3 f6 29. Nd2 Nc8 30. Nc4 Ndb6 31. Nxb6 Nxb6 32. Rb4
Nd7 33. Ra6 Rc2 34. Kf1 Nf8 35. Rb8 { Black resigns } 1-0